 Dungeon Crawl Stone Soup version 0.31-a0-182-gc5ef74bbde (webtiles) character file.

Game seed: 10894397556950109461

79 qw the Chopper (level 4, 0/28 HPs)
             Began as a Gargoyle Fighter on June 20, 2023.
             Slain by Sigmund
             ... wielding a +0 scythe
              (8 damage)
             ... on level 3 of the Dungeon.
             The game lasted 00:00:54 (1506 turns).

qw the Chopper (Gargoyle Fighter)                   Turns: 1506, Time: 00:00:55

Health: 0/28       AC: 10    Str: 22    XL:     4   Next: 38%
Magic:  4/4        EV:  9    Int:  8    God:
Gold:   187        SH:  4    Dex:  9    Spells: 3/3 levels left

rFire   . . .        Y - +0 war axe
rCold   . . .        c - +0 buckler
rNeg    + . .        b - +0 scale mail
rPois   inf          (no helmet)
rElec   +            (no cloak)
rCorr   .            (no gloves)
SInv    .            (no boots)
Will    .....        (no amulet) Stlth
                     (no ring)
HPRegen 0.24/turn    (no ring)
MPRegen 0.09/turn

%: no passive effects
@: no status effects
A: sickness immunity, AC +3, negative energy resistance 1, electricity
resistance, torment resistance 1, petrification resistance
a: no special abilities


You were on level 3 of the Dungeon.
You visited 1 branch of the dungeon, and saw 3 of its levels.

You collected 187 gold pieces.


Innate Abilities, Weirdness & Mutations

You are immune to sickness and miasma.
Your stone body is resilient. (AC +3)
You are immune to poison.
You resist negative energy. (rN+)
You are resistant to electric shocks. (rElec)
You are resistant to unholy torment.
You are immune to petrification.


   Skills:
 - Level 3.2 Fighting
 + Level 3.7 Axes
 - Level 1.3 Throwing
 - Level 3.2 Armour
 - Level 3.2 Shields


You had 3 spell levels left.
You didn't know any spells.
Your spell library was empty.

Inventory:

Hand Weapons
 f - a +0 heavy flail
 Y - a +0 war axe (weapon)
Missiles
 i - 5 javelins (quivered)
Armour
 b - a +0 scale mail (worn)
 c - a +0 buckler (worn)
Jewellery
 h - an amulet of regeneration
Scrolls
 a - a scroll of teleportation
 g - 2 scrolls of identify
 j - a scroll of fear {unknown}
 k - a scroll of enchant weapon {unknown}
Potions
 d - 2 potions of might
 e - a potion of haste {unknown}
 l - a potion of mutation {unknown}
 m - a potion of lignification {unknown}

Dungeon Overview and Level Annotations

Branches:
Dungeon (3/15)

Altars:
The Shining One

Annotations:
D:3 Sigmund


Message History

You slash the worm!
The worm is heavily wounded.
A jackal comes into view.
Sigmund misses you. The worm bites you but does no damage.
The jackal barks!
You hit the worm.
The worm is severely wounded.
Sigmund closely misses you.
You slash the worm!
You kill the worm!
Sigmund hits you from afar with a +0 scythe!
The jackal closely misses you.
You barely miss the jackal. You block the jackal's attack.
Sigmund hits you from afar with a +0 scythe.
The jackal bites you but does no damage.
You block the jackal's attack.
You hit the jackal but do no damage. You barely miss the jackal.
The jackal bites you.
The jackal bites you but does no damage.
Sigmund hits you but does no damage.
The jackal bites you but does no damage.
The jackal bites you.
You hit the jackal.
The jackal is heavily wounded.
You barely miss the jackal.
The jackal bites you but does no damage. x2
The dart slug launches a dart at you.
The slug dart hits you but does no damage.
Sigmund hits you from afar with a +0 scythe!
You closely miss the jackal.
The jackal is heavily wounded.
You hit the jackal.
You kill the jackal!
The jackal bites you but does no damage. x2
You miss the jackal.
The jackal is heavily wounded.
The jackal bites you but does no damage.
Sigmund hits you from afar with a +0 scythe!
You die...

###....#..<....#
#.#
#..#.........####
#.#
##.#####..........
#.#
#.....##########.#
#.# #####.#
#..##.# #.#
####...<# #.######
.........
#......#$.#####...
#@%...... #......#
#%hw...## #.......
#@.....# #.....##
#.....># #.....#
......... #.....#
#......#. #..<..#
#......#.$#.....##
#.#######.........
##...####.


You could see Sigmund, a dart slug and a jackal.

Vanquished Creatures
  2 adders
  A worm (D:3)
  3 dart slugs
  4 orcs (D:3)
  5 ball pythons
  4 bats
  An endoplasm (D:2)
  3 giant cockroaches
  3 goblins
  7 hobgoblins
  A jackal (D:3)
  5 kobolds
  A quokka (D:1)
  3 frilled lizards
  5 rats
48 creatures vanquished.

Notes
Turn   | Place    | Note
-------+----------+-------------------------------------------
     0 | D:1      | qw the Gargoyle Fighter began the quest for the Orb.
     0 | D:1      | Reached XP level 1. HP: 14/14 MP: 1/1
     0 | D:1      | 0 ||| qw: Version: 0.3-a-9-g12657ce
     0 | D:1      | 0 ||| qw: Game counter: 1416
     0 | D:1      | 0 ||| qw: Always use a shield: true
     0 | D:1      | 0 ||| qw: God list: Okawaru
     0 | D:1      | 0 ||| qw: Allow faded altars: false
     0 | D:1      | 0 ||| qw: Do Orc after D:15 true
     0 | D:1      | 0 ||| qw: Do second Lair branch before Depths: true
     0 | D:1      | 0 ||| qw: Lair rune preference: random
     0 | D:1      | 0 ||| qw: Plans: Normal, Zot:1-4, Slime:5, God:TSO, Crypt,
                  | Tomb, Abyss, Pan, Hells, Win
     0 | D:1      | 0 ||| PLANNING D:1-11
    11 | D:1      | 11 ||| Stepping ~*~*~tactically~*~*~ (stealth).
    60 | D:1      | 60 ||| Stepping ~*~*~tactically~*~*~ (stealth).
   131 | D:1      | Reached XP level 2. HP: 19/19 MP: 2/2
   432 | D:1      | Reached skill level 3 in Axes
   495 | D:1      | 495 ||| DROPPING +6 ring of intelligence.
   496 | D:1      | 496 ||| READING 2 scrolls labelled CEUNNI WANN.
   500 | D:1      | 500 ||| READING 3 scrolls labelled MUDDYG TIPP.
   501 | D:1      | 501 ||| READING scroll labelled TIAMOEQAMO.
   605 | D:2      | Reached XP level 3. HP: 23/23 MP: 3/3
  1028 | D:2      | 1028 ||| Stepping ~*~*~tactically~*~*~ (hiding).
  1032 | D:2      | 1032 ||| Stepping ~*~*~tactically~*~*~ (stealth).
  1133 | D:2      | 1133 ||| READING scroll labelled LAUSIA BEVYPTI.
  1134 | D:2      | 1134 ||| READING 3 scrolls of identify.
  1134 | D:2      | 1134 ||| IDENTIFYING murky red potion
  1135 | D:2      | 1135 ||| DROPPING potion of ambrosia.
  1172 | D:3      | 1172 ||| Stepping ~*~*~tactically~*~*~ (hiding).
  1222 | D:3      | Reached skill level 1 in Throwing
  1222 | D:3      | Reached XP level 4. HP: 28/28 MP: 4/4
  1353 | D:3      | 1353 ||| FLEEEEING.
  1367 | D:3      | 1367 ||| DROPPING +0 mace.
  1417 | D:3      | 1417 ||| DROPPING +0 flail.
  1419 | D:3      | Found a glowing golden altar of the Shining One.
  1490 | D:3      | Noticed Sigmund
  1506 | D:3      | Slain by Sigmund

Levels and vault maps discovered:
D:1:      scummos_arrival_forest, layout_rooms
D:2:      layout_basic, kennysheep_generic_room_3
D:3:      layout_rooms, tso_metal_star, uniq_sigmund

Skill      XL: |  1  2  3 |
---------------+----------+-----
Axes           | 2 3 |  3.7
Throwing       | 1 |  1.3
Fighting       | |  3.2
Armour         | |  3.2
Shields        | |  3.2

Action                     |  1- 3 |  4- 6 || total
---------------------------+-------+-------++-------
  Melee: War axe           |   103 |    32 ||   135
  Throw: Javelin           |    10 |    15 ||    25
    Use: Scroll            |     5 |       ||     5
 Armour: Scale mail        |    49 |    20 ||    69
  Dodge: Dodged            |    42 |    12 ||    54
  Block: Buckler           |    29 |     9 ||    38

Table legend:
 A = Non-vault XP
 B = Vault XP
 C = Vault XP percentage of total XP
 D = Non-vault monster count
 E = Vault monster count
 F = Vault count percentage of total count
                 A         B        C        D         E       F
            +---------+---------+-------+---------+---------+-------
      Total |     111 |       3 |   2.6 |      46 |       2 |   4.2
            +---------+---------+-------+---------+---------+-------
        D:1 |      31 |       0 |   0.0 |      18 |       0 |   0.0
        D:2 |      33 |       3 |   8.3 |      14 |       2 |  12.5
        D:3 |      47 |       0 |   0.0 |      14 |       0 |   0.0
            +---------+---------+-------+---------+---------+-------
